 Dungeon Crawl Stone Soup version 0.20.1-1-g8b1a95d (webtiles) character file.

152 Lanoc the Firebug (level 5, 0/35 HPs)
             Began as a Barachi Fire Elementalist on Nov 25, 2017.
             Was a Believer of Elyvilon.
             Slain by a scorpion (6 damage)
             ... on level 4 of the Dungeon.
             The game lasted 00:14:18 (2193 turns).

Lanoc the Firebug (Barachi Fire Elementalist)       Turns: 2193, Time: 00:14:19

Health: 0/35       AC:  2    Str: 10    XL:     5   Next: 34%
Magic:  1/10       EV: 13    Int: 16    God:    Elyvilon [**....]
Gold:   129        SH:  0    Dex: 12    Spells: 7/10 levels left

rFire    . . .     SeeInvis .   k - +2 dagger (flame)
rCold    . . .     Gourm    .   (no shield)
rNeg     . . .     Faith    .   a - +0 robe
rPois    .         Spirit   .   (no helmet)
rElec    .         Reflect  .   (no cloak)
rCorr    .         Harm     .   (no gloves)
MR       .....                  (no boots)
Stlth    +++.......             (no amulet)
Regen    0.2/turn               v - ring of stealth
MPRegen  0.2/turn               (no ring)

@: lethally poisoned (0 -> -14), can't hop, slow
A: +LOS, swims, slowness 1, strong legs 1
a: Hop, Lesser Healing, Heal Other, Divine Protection, Renounce Religion


You were on level 4 of the Dungeon.
You worshipped Elyvilon.
Elyvilon was pleased with you.
You were not hungry.

You visited 1 branch of the dungeon, and saw 4 of its levels.

You collected 129 gold pieces.

Inventory:

Hand Weapons
 k - a +2 dagger of flaming (weapon)
 m - a +2 flail of venom
Armour
 a - a +0 robe (worn)
Jewellery
 v - a ring of stealth (left hand)
Scrolls
 g - a scroll of immolation
 h - a scroll of noise {unknown}
 j - a scroll of teleportation {unknown}
 l - a scroll of blinking {unknown}
 o - a scroll of enchant armour {unknown}
 p - 2 scrolls of recharging {unknown}
 r - 2 scrolls of identify {unknown}
 t - 6 scrolls of remove curse {unknown}
 u - a scroll of enchant weapon {unknown}
Potions
 e - a potion of haste {unknown}
 i - a potion of curing {unknown}
 n - a potion of resistance {unknown}
 q - a potion of might {unknown}
 s - a potion of brilliance {unknown}
Books
 b - a book of Flames

   Spells                             Type                      Level
   a - Flame Tongue                   Conjuration/Fire             1
   b - Throw Flame                    Conjuration/Fire             2
   c - Conjure Flame                  Conjuration/Fire             3
   d - Inner Flame                    Hexes/Fire                   3
   e - Sticky Flame                   Conjuration/Fire             4
   f - Fireball                       Conjuration/Fire             5
Comestibles
 c - 2 bread rations
 f - a royal jelly
 w - 10 chunks of flesh


   Skills:
 + Level 0.7 Short Blades
 + Level 2.9 Dodging
 + Level 2.3 Stealth
 + Level 0.4 Unarmed Combat
 + Level 3.3 Spellcasting
 + Level 2.2 Conjurations
 + Level 4.3 Fire Magic


You had 7 spell levels left.
You knew the following spells:

 Your Spells              Type           Power        Failure   Level  Hunger
a - Flame Tongue          Conj/Fire      ##...        4%          1    None
b - Throw Flame           Conj/Fire      ##....       7%          2    ##.....


Dungeon Overview and Level Annotations

Branches:
Dungeon (4/15)
 Temple: D:4-7

Altars:
Cheibriados
Elyvilon
Fedhas
Gozag
Hepliaklqana
Xom

Shops:
D:3 *


Innate Abilities, Weirdness & Mutations

Shadows flee at your approach. (+LOS)
You can swim through water.
You cover ground slowly.
You can hop short distances.


Message History

You feel sick. The scorpion stings you.
You hit the scorpion but do no damage.
The scorpion is severely wounded.
You feel sick. The scorpion stings you.
* * * LOW HITPOINT WARNING * * *
You are more poisoned.
The scorpion poisons you!
You closely miss the scorpion.
The scorpion is severely wounded.
* * * LOW HITPOINT WARNING * * *
You feel sick. The scorpion completely misses you.
You barely miss the scorpion.
The scorpion is severely wounded.
* * * LOW HITPOINT WARNING * * *
You feel sick. The scorpion barely misses you.
You hit the scorpion. You burn the scorpion.
The scorpion is almost dead.
* * * LOW HITPOINT WARNING * * *
You feel sick. The scorpion stings you.
You die...

### ############
##..##.#...#<...#
...............#
..............# ## #..#
#..##.[##### ##
...####..###..##..##..##.##
...>..........>...'......#
+#.........s@...#..)...#
+..............#......#
#############.####)#########
#.###)..###>....
+........<......
#......>).......
##.####+###..### #.# #### .


You could see a scorpion.

Vanquished Creatures
  An orc priest (D:3)
  An orc wizard (D:4)
  2 adders (D:2)
  A worm (D:2)
  A dart slug (D:1)
  2 leopard geckos
  9 orcs
  A ball python (D:1)
  A giant cockroach (D:2)
  9 goblins
  7 hobgoblins
  4 jackals (D:2)
  3 quokkas (D:2)
  2 bats
  8 frilled lizards
  7 kobolds
  4 rats
63 creatures vanquished.

Notes
Turn   | Place    | Note
-------+----------+-------------------------------------------
     0 | D:1      | Lanoc the Barachi Fire Elementalist began the quest for the Orb.
     0 | D:1      | Reached XP level 1. HP: 13/13 MP: 3/3
   283 | D:1      | Reached XP level 2. HP: 19/19 MP: 0/5
   290 | D:1      | Learned a level 2 spell: Throw Flame
   586 | D:2      | Reached XP level 3. HP: 19/24 MP: 0/6
   615 | D:2      | Found a faded altar of an unknown god.
   647 | D:2      | Reached skill level 4 in Fire Magic
   649 | D:2      | Became a worshipper of Elyvilon the Healer
   649 | D:2      | Reached * piety under Elyvilon
   935 | D:2      | Reached XP level 4. HP: 25/30 MP: 4/8
  1029 | D:2      | Found a white marble altar of Elyvilon.
  1224 | D:3      | Found a blossoming altar of Fedhas.
  1254 | D:3      | Found Gozag's Platinum Reserve.
  1256 | D:3      | Found an opulent altar of Gozag.
  1308 | D:3      | Reached ** piety under Elyvilon
  1715 | D:3      | Found a shimmering altar of Xom.
  2078 | D:3      | Found a snail-covered altar of Cheibriados.
  2079 | D:3      | Found a hazy altar of Hepliaklqana.
  2106 | D:4      | Reached XP level 5. HP: 26/35 MP: 5/9
  2193 | D:4      | Slain by a scorpion

Skill      XL: |  1  2  3  4 |
---------------+-------------+-----
Fire Magic     | 4 |  4.3
Stealth        | 2 |  2.3
Spellcasting   | 3 |  3.3
Conjurations   | 2 |  2.2
Short Blades   | |  0.7
Dodging        | |  2.9
Unarmed Combat | |  0.4

Action                   |  1- 3 |  4- 6 || total
-------------------------+-------+-------++-------
Melee: Unarmed           |    12 |       ||    12
       Dagger            |    20 |    27 ||    47
 Cast: Flame Tongue      |    44 |    35 ||    79
       Throw Flame       |     8 |     3 ||    11
 Abil: Hop               |     1 |     1 ||     2
  Use: Scroll            |     1 |       ||     1
       Potion            |       |     2 ||     2
  Eat: Chunk             |     2 |     2 ||     4
       Royal jelly       |       |     1 ||     1
Armor: Robe              |     8 |       ||     8
Dodge: Dodged            |    38 |    22 ||    60
